 Dungeon Crawl Stone Soup version 0.31.0-12-g77e489cdc1 (webtiles) character file.

Game seed: 14809975597306471945

1726 Anriel the Skirmisher (level 8, -2/49 HPs)
             Began as a Deep Elf Hunter on Feb 19, 2024.
             Was an Initiate of Gozag.
             Slain by a wolf (8 damage)
             ... on level 6 of the Dungeon.
             The game lasted 00:30:43 (6585 turns).

Anriel the Skirmisher (Deep Elf Hunter)             Turns: 6585, Time: 00:30:43

Health: -2/49      AC:  5    Str:  8    XL:     8   Next: 75%
Magic:  12/12      EV: 14    Int: 17    God:    Gozag
Gold:   356        SH:  0    Dex: 18    Spells: 10/10 levels left

rFire   . . .        a - +2 shortbow
rCold   . . .        (shield currently unavailable)
rNeg    . . .        c - +0 leather armour
rPois   .            (no helmet)
rElec   .            (no cloak)
rCorr   .            p - +1 pair of gloves
SInv    +            (no boots)
Will    .....        w - amulet of the acrobat
Stlth   +++          r - ring of see invisible
HPRegen 0.28/turn    (no ring)
MPRegen 0.13/turn

%: acrobat
@: no status effects
A: no striking features
a: Renounce Religion, Potion Petition, Call Merchant, Bribe Branch


You were on level 6 of the Dungeon.
You worshipped Gozag.
Gozag was aware of your devotion.
You visited 1 branch of the dungeon, and saw 7 of its levels.

You collected 463 gold pieces.
You paid 107 gold pieces to Gozag.

Inventory:

Hand Weapons
 a - a +2 shortbow (weapon)
 x - a +0 dagger of venom
Armour
 c - a +0 leather armour (worn)
 p - a +1 pair of gloves (worn)
Jewellery
 n - an amulet of magic regeneration
 r - a ring of see invisible (left hand)
 w - an amulet of the acrobat (around neck)
Wands
 d - a wand of flame (17)
 e - a wand of charming (6)
 o - a wand of digging (4)
 v - a wand of polymorph (10)
Scrolls
 m - 2 scrolls of revelation
 u - a scroll of fog
Potions
 f - a potion of berserk rage
 g - 4 potions of mutation
 h - a potion of resistance {unknown}
 j - a potion of attraction {unknown}
 k - a potion of curing {unknown}
 l - a potion of brilliance {unknown}
 s - a potion of magic {unknown}


   Skills:
 - Level 5.0 Fighting
 + Level 9.2 Ranged Weapons
 * Level 1.9 Armour
 - Level 5.0 Dodging
 - Level 5.0 Stealth
 + Level 1.7 Spellcasting
 - Level 5.0 Evocations


You had 10 spell levels left.
You didn't know any spells.
Your spell library contained the following spells:

 Spells                   Type           Power      Damage    Failure   Level
 Shock                    Conj/Air       4%         1d3       28%         1
 Sublimation of Blood     Necr           1%         N/A       38%         2
 Call Canine Familiar     Summ           1%         N/A       63%         3
 Sigil of Binding         Hex            1%         N/A       63%         3
 Swiftness                Air            1%         N/A       63%         3
 Airstrike                Air            0%         2d(1-17)  95%         4
 Dimensional Bullseye     Hex/Tloc       0%         N/A       95%         4
 Petrify                  Alch/Erth      1%         N/A       95%         4
 Vhi's Electric Charge    Tloc/Air       2%         N/A       95%         4
 Arcjolt                  Conj/Air       0%         1d10      100%        5
 Irradiate                Conj/Alch      0%         3d11      100%        5
 Maxwell's Capacitive Co  Air            0%         ∞         100%        8


Dungeon Overview and Level Annotations

Branches:
Dungeon (7/15)
 Temple: D:4-7

Altars:
Dithmenos
Elyvilon
Gozag
Kikubaaqudgha
Nemelex Xobeh
Vehumet
Wu Jian
The Shining One


Message History

You shoot an arrow. The arrow hits the wolf.
The wolf is severely wounded.
The wolf barely misses you. x2
You shoot an arrow. The arrow barely misses the wolf.
The wolf bites you.
* * * LOW HITPOINT WARNING * * *
You feel much better. The wolf misses you.
The wolf bites you but does no damage.
You shoot an arrow.
The arrow hits the wolf but does no damage.
The wolf is severely wounded.
The wolf bites you. The wolf closely misses you.
You shoot an arrow. The arrow barely misses the wolf.
The wolf bites you! The wolf misses you.
You shoot an arrow. The arrow barely misses the wolf.
The wolf completely misses you.
You shoot an arrow. The arrow misses the wolf.
The wolf barely misses you. The wolf bites you but does no damage.
You shoot an arrow. The arrow barely misses the wolf.
The wolf bites you but does no damage. The wolf closely misses you.
You shoot an arrow. The arrow completely misses the wolf.
The wolf bites you but does no damage.
You shoot an arrow. The arrow hits the wolf.
The wolf is severely wounded.
The wolf barely misses you. The wolf bites you.
You shoot an arrow. The arrow misses the wolf.
The wolf closely misses you. The wolf barely misses you.
You shoot an arrow. The arrow misses the wolf.
The wolf misses you. The wolf barely misses you.
You shoot an arrow.
The arrow hits the wolf but does no damage.
The wolf is severely wounded.
The wolf misses you.
You shoot an arrow. The arrow misses the wolf.
The wolf bites you. The wolf bites you!
* * * LOW HITPOINT WARNING * * *
You shoot an arrow. The arrow hits the wolf.
The wolf is almost dead.
The wolf bites you!
You die...
Your body crumbles into a pile of gold.

##'##....#............##.)..#..##
....#......#.#######..##..#...##
....#.####.#'##### #..##..##.##
........##.....#.# #.........#
....#.#.##.....#.####.##..##.#
....#.#.##................##.####
.................<....##.........
.####.#.##.....>h.....###.##.....
......#.###.....@.....###..#.####
......#.# ##'#..........########.
.###..#.# #.#..........#......#.
.# #..#.####.##..###....#.~~~~.'.
.# #..#.#....#...# #..###......#.
.###.............###..##########.
.........###.#.#........##.......
.................................
......................#.##...##..


You could see a wolf.

Vanquished Creatures
  Grinder (D:4)
  An orc warrior (D:6)
  2 black bears (D:6)
  An ice beast (D:5)
  A sky beast (D:6)
  An ogre (D:6)
  A phantom (D:5)
  A bullfrog (D:7)
  4 scorpions
  A wight (D:6)
  A crimson imp (D:5)
  3 jellies (D:5)
  An orc priest (D:6)
  A hound (D:5)
  6 iguanas
  2 orc wizards (D:6)
  A sleepcap (D:6)
  4 adders
  2 shadow imps
  2 white imps
  A dart slug (D:2)
  17 orcs
  8 endoplasms
  3 giant cockroaches
  2 goblins (D:1)
  5 hobgoblins
  2 quokkas
  3 ball pythons
  5 bats
  4 frilled lizards
  4 kobolds
  4 rats
95 creatures vanquished.

Vanquished Creatures (collateral kills)
  A bombardier beetle (D:6)
1 creature vanquished.

Vanquished Creatures (others)
  A sky beast (D:6)
  An orc (D:7)
2 creatures vanquished.

Grand Total: 98 creatures vanquished

Notes
Turn   | Place    | Note
-------+----------+-------------------------------------------
     0 | D:1      | Anriel the Deep Elf Hunter began the quest for the Orb.
     0 | D:1      | Reached XP level 1. HP: 12/12 MP: 3/3
   340 | D:1      | Reached XP level 2. HP: 17/17 MP: 4/4
  1116 | D:2      | Reached XP level 3. HP: 20/22 MP: 5/5
  2922 | D:4      | Reached XP level 4. HP: 27/27 MP: 6/6
  2951 | D:4      | Reached skill level 6 in Ranged Weapons
  3017 | D:4      | Noticed Grinder
  3077 | D:4      | Paralysed by Grinder for 3 turns
  3081 | D:4      | HP: 1/27 [Grinder (5)]
  3085 | D:4      | Paralysed by Grinder for 3 turns
  3092 | D:4      | Killed Grinder
  3093 | D:4      | Reached XP level 5. HP: 12/33 MP: 7/7
  3093 | D:4      | Reached XP level 6. HP: 14/38 MP: 8/8
  3479 | D:5      | Entered Level 5 of the Dungeon
  3534 | D:5      | Noticed an ice beast
  3557 | D:5      | Killed an ice beast
  3558 | D:5      | Reached skill level 7 in Ranged Weapons
  3832 | D:5      | Reached XP level 7. HP: 44/44 MP: 9/9
  3866 | D:5      | Reached skill level 5 in Dodging
  4090 | D:5      | Reached skill level 5 in Fighting
  4383 | D:5      | Reached skill level 1 in Evocations
  4716 | D:6      | Reached skill level 8 in Ranged Weapons
  4918 | D:6      | Reached XP level 8. HP: 26/49 MP: 10/10
  5053 | D:6      | Found a shadowy altar of Dithmenos.
  5055 | D:6      | Found a sparkling altar of Nemelex Xobeh.
  5057 | D:6      | Found an ornate altar of the Wu Jian Council.
  5057 | D:6      | Found a glowing golden altar of the Shining One.
  5058 | D:6      | Found an opulent altar of Gozag.
  5058 | D:6      | Found a white marble altar of Elyvilon.
  5058 | D:6      | Found an ancient bone altar of Kikubaaqudgha.
  5058 | D:6      | Found a radiant altar of Vehumet.
  5182 | D:6      | Became a worshipper of Gozag Ym Sagoz the Greedy
  5706 | D:6      | Reached skill level 5 in Evocations
  5728 | D:6      | Reached skill level 9 in Ranged Weapons
  5728 | D:6      | Reached skill level 5 in Stealth
  5926 | D:6      | Reached skill level 1 in Armour
  5926 | D:6      | Reached skill level 1 in Spellcasting
  6585 | D:6      | Slain by a wolf

Illustrated notes

Levels and vault maps discovered:
D:1:      sevenhm_arrival_forest_fort_small_3, layout_loops_corners,
          nicolae_concentric_dashed_squares_wild
D:2:      layout_basic
D:3:      layout_loops_corners
D:4:      layout_rooms, uniq_grinder
D:5:      layout_basic, minmay_fire_ice_demons
D:6:      layout_basic, grunt_temple_overflow_open, dk_vineyard_2,
          minmay_fractal_squares_gapless_5
D:7:      layout_loops_ring, chequers_temple_overflow_statue_of_worship,
          minmay_temple_entry_waves

Skill      XL: |  1  2  3  4  5  6  7  8 |
---------------+-------------------------+-----
Fighting       | 2 3 4 5 |  5.0
Dodging        | 3 4 5 |  5.0
Ranged Weapons | 6 7 8 9 |  9.2
Stealth        | 3 5 |  5.0
Evocations     | 3 5 |  5.0
Armour         | 1 |  1.9
Spellcasting   | 1 |  1.7

Action                     |  1- 3 |  4- 6 |  7- 9 || total
---------------------------+-------+-------+-------++-------
   Fire: Shortbow          |   108 |    95 |   253 ||   456
  Evoke: Wand              |       |     2 |     6 ||     8
    Use: Scroll            |    12 |     2 |     5 ||    19
         Potion            |       |     2 |     2 ||     4
 Armour: Leather armour    |    22 |    34 |    95 ||   151
  Dodge: Dodged            |    21 |    33 |   100 ||   154
